 Dungeon Crawl Stone Soup version 0.30-a0-743-gbfdf073431 (webtiles) character file.

Game seed: 12280066341653547106

364 DEFE the Ruffian (level 6, -1/41 HPs)
             Began as a Demonspawn Wanderer on Feb 6, 2023.
             Slain by a gnoll
             ... wielding a +0 spear
             ... led by a gnoll bouda
              (7 damage)
             ... on level 4 of the Dungeon.
             The game lasted 00:04:37 (2320 turns).

DEFE the Ruffian (Demonspawn Wanderer)              Turns: 2320, Time: 00:04:37

Health: -1/41      AC: 13    Str: 16    XL:     6   Next: 39%
Magic:  6/6        EV:  7    Int: 12    God:
Gold:   143        SH:  0    Dex: 12    Spells: 5/5 levels left

rFire   . . .      SeeInvis .    a - +3 quarterstaff
rCold   . . .      Faith    .    (shield currently unavailable)
rNeg    . . .      Spirit   .    l - +0 chain mail
rPois   .          Reflect  .    n - +2 helmet
rElec   .          Harm     .    p - scarf {+Inv}
rCorr   .          Rampage  .    (no gloves)
Will    .....                    f - +0 pair of boots Stlth
                                 (no amulet)
HPRegen 0.26/turn                (no ring)
MPRegen 0.10/turn                (no ring)

@: no status effects
A: claws 2, hooves 1, weakness stinger 1
a: Evoke Invisibility


You were on level 4 of the Dungeon.
You visited 2 branches of the dungeon, and saw 5 of its levels.

You collected 143 gold pieces.

Inventory:

Hand Weapons
 a - a +3 quarterstaff (weapon)
Missiles
 m - 2 curare-tipped darts (quivered)
Armour
 c - a +0 scale mail
 f - a +0 pair of boots (worn)
 l - a +0 chain mail (worn)
 n - a +2 helmet (worn)
 p - a scarf of invisibility (worn)
Scrolls
 d - a scroll of fog
 e - 2 scrolls of fear
 i - a scroll of poison
 o - 2 scrolls of teleportation
 q - a scroll of blinking
 r - a scroll of torment
Potions
 b - 2 potions of attraction {unknown}
 g - 2 potions of heal wounds
 h - a potion of cancellation {unknown}
 j - a potion of curing {unknown}
 k - a potion of ambrosia {unknown}


   Skills:
 - Level 4.4 Staves
 - Level 1.0 Throwing
 - Level 2.6 Armour
 - Level 1.0 Dodging
 + Level 5.1 Unarmed Combat


You had 5 spell levels left.
You didn't know any spells.
Your spell library contained the following spells:

 Spells                   Type           Power      Damage    Failure   Level
 Magic Dart               Conj           0%         1d3       99%         1
 Call Imp                 Summ           0%         N/A       100%        2
 Dazzling Flash           Conj/Hex       0%         N/A       100%        3
 Frozen Ramparts          Ice            0%         1d1       100%        3
 Mephitic Cloud           Conj/Pois/Air  0%         N/A       100%        3
 Ozocubu's Armour         Ice            0%         N/A       100%        3
 Animate Dead             Necr           0%         N/A       100%        4
 Ice Form                 Ice/Tmut       0%         N/A       100%        4
 Summon Ice Beast         Ice/Summ       0%         N/A       100%        4
 Agony                    Necr           0%         N/A       100%        5
 Silence                  Hex/Air        0%         N/A       100%        5
 Haunt                    Necr/Summ      0%         N/A       100%        7
 Ozocubu's Refrigeration  Ice            0%         4d7       100%        7
 Infestation              Necr           0%         N/A       100%        8


Dungeon Overview and Level Annotations

Branches:
Dungeon (4/15)             Temple (1/1) D:4

Altars:
Ashenzari
Dithmenos
Fedhas
Kikubaaqudgha
Nemelex Xobeh
Qazlal
Trog
Xom
Lugonu

Shops:
D:1 =   D:2 :(


Innate Abilities, Weirdness & Mutations

You have very sharp fingernails.
You have large cloven feet.
You have a small tail.


Message History

The gnoll hits you from afar with a +0 spear.
The hobgoblin barely misses you. The gnoll bouda barely misses you.
You take 1 damage, and have 32/41 hp.
Unknown command.
You barely miss the gnoll bouda.
Your attacks no longer feel as feeble.
The gnoll hits you but does no damage.
The hobgoblin hits you but does no damage.
The gnoll bouda barely misses you. The gnoll barely misses you.
You thump the gnoll bouda!
You kill the gnoll bouda!
The hobgoblin hits you but does no damage.
The gnoll barely misses you.
Your Unarmed Combat skill increases to level 5!
You barely miss the gnoll. The gnoll closely misses you.
The hobgoblin hits you but does no damage.
The gnoll hits you from afar with a +0 spear.
You hit the gnoll.
You kill the gnoll!
The hobgoblin hits you but does no damage.
The gnoll hits you with a +0 flail. The gnoll closely misses you.
You take 1 damage, and have 31/41 hp.
You hit the gnoll.
The hobgoblin hits you but does no damage.
The gnoll hits you from afar with a +0 halberd!
The gnoll hits you with a +0 flail! The gnoll hits you but does no damage.
You take 16 damage, and have 15/41 hp.
MASSIVE DAMAGE!!
The gnoll attacks as you move away! The gnoll hits you with a +0 flail!
* * * LOW HITPOINT WARNING * * *
The hobgoblin hits you but does no damage.
The gnoll closely misses you.
You take 10 damage, and have 5/41 hp.
MASSIVE DAMAGE!!
The gnoll hits you but does no damage.
Unknown command.
The gnoll attacks as you move away! The gnoll hits you but does no damage.
The gnoll is no longer moving quickly.
The gnoll hits you from afar with a +0 spear!
You die...

#.........# ##....<....#
......
##..........##......
###†<..^..............
.............##...#...##..
.......##.).#..#.#........
##..........#....#..#....
..........#..#....##...#
....[##...#.....@......# .
..###
#......##.ggg#..##.#.# .#
####..#..#....#..#.#...
.......#.#.g#........
........#...##g........
...###..................
... ##................. ..
#.................
..............≈≈.≈≈


You could see 3 gnolls, a hobgoblin and a goblin.

Vanquished Creatures
  A black bear (D:4)
  A gnoll bouda (D:4)
  Natasha (thrice) (D:2)
  An orc wizard (D:3)
  Terence (D:2)
  Robin (D:2)
  3 adders
  2 gnolls (D:4)
  A dart slug (D:2)
  4 orcs (D:3)
  3 endoplasms (D:1)
  2 giant cockroaches (D:3)
  14 goblins
  10 hobgoblins
  4 kobolds
  2 quokkas (D:3)
  3 ball pythons
  5 bats
  A frilled lizard (D:3)
  4 rats
66 creatures vanquished.

Vanquished Creatures (others)
  11 plants (D:2)
11 creatures vanquished.

Grand Total: 77 creatures vanquished

Notes
Turn   | Place    | Note
-------+----------+-------------------------------------------
     0 | D:1      | DEFE the Demonspawn Wanderer began the quest for the Orb.
     0 | D:1      | DEFE set off with the following items: a +2 quarterstaff, a
                  | potion of lignification, a +0 scale mail, a scroll of fog.
     0 | D:1      | Reached XP level 1. HP: 13/13 MP: 1/1
   107 | D:1      | Discovered your monstrous ancestry.
   107 | D:1      | Gained mutation: You have a small tail. [demonic ancestry]
   107 | D:1      | Reached XP level 2. HP: 14/19 MP: 2/2
   169 | D:1      | Found Vowixynk's Jewellery Shop.
   424 | D:2      | Noticed Terence
   443 | D:2      | Killed Terence
   444 | D:2      | Reached XP level 3. HP: 18/24 MP: 3/3
   611 | D:2      | Found Sarph's Book Shop.
   655 | D:2      | Found Negobu's Antique Weapon Shoppe.
   669 | D:2      | Noticed Natasha
   710 | D:2      | Killed Natasha
   711 | D:2      | Gained mutation: You have sharp fingernails. [demonic
                  | ancestry]
   711 | D:2      | Reached XP level 4. HP: 18/30 MP: 4/4
   905 | D:2      | Noticed Robin
   944 | D:2      | Reached skill level 2 in Unarmed Combat
  1067 | D:2      | Killed Robin
  1234 | D:2      | Noticed Natasha
  1241 | D:2      | Killed Natasha
  1337 | D:2      | Noticed Natasha
  1349 | D:2      | Killed Natasha
  1350 | D:2      | Reached skill level 3 in Unarmed Combat
  1350 | D:2      | Gained mutation: You have large cloven feet. [demonic
                  | ancestry]
  1350 | D:2      | Reached XP level 5. HP: 35/35 MP: 5/5
  1918 | D:3      | Reached skill level 4 in Unarmed Combat
  2198 | D:4      | Noticed a black bear
  2210 | D:4      | Killed a black bear
  2211 | D:4      | Gained mutation: You have very sharp fingernails. [demonic
                  | ancestry]
  2211 | D:4      | Reached XP level 6. HP: 29/41 MP: 6/6
  2213 | D:4      | Found a staircase to the Ecumenical Temple.
  2225 | Temple   | Entered the Ecumenical Temple
  2291 | D:4      | Found a broken altar of Ashenzari.
  2315 | D:4      | Reached skill level 5 in Unarmed Combat
  2320 | D:4      | Slain by a gnoll

Illustrated notes

Levels and vault maps discovered:
D:1:      minmay_arrival_radiant_lines, layout_basic, serial_shops,
          nicolae_shop_waterfront
D:2:      layout_loops_ring, serial_shops, nicolae_shop_statue_plus,
          nicolae_shop_crystal, serial_bayou_lake_a, uniq_natasha, uniq_robin,
          uniq_terence
D:3:      minmay_octagon_keep, layout_basic, hangedman_decor_diamond_cutter
D:4:      layout_cave_pools, mainiacjoe_overflow_small_starburst,
          minmay_temple_entry_mini_moons, nicolae_ossuary_entry_ruins,
          gammafunk_ghost_mausoleum, amcnicky_mini_pool_small,
          hangedman_decor_riveting
Temple:   corrupted_temple

Skill      XL: |  1  2  3  4  5  6 |
---------------+-------------------+-----
Staves         | 3 4 |  4.4
Unarmed Combat | 3 4 5 |  5.1
Throwing       | |  1.0
Armour         | |  2.6
Dodging        | |  1.0

Action                     |  1- 3 |  4- 6 || total
---------------------------+-------+-------++-------
  Melee: Quarterstaff      |    62 |   123 ||   185
         Tailslap          |     3 |     7 ||    10
         Kick              |       |     3 ||     3
    Use: Potion            |     1 |       ||     1
         Scroll            |       |    10 ||    10
 Armour: Scale mail        |    17 |       ||    17
         Skin              |    11 |       ||    11
         Chain mail        |     8 |   107 ||   115
  Dodge: Dodged            |    28 |    60 ||    88

Table legend: (Time is in decaauts)
 A = Elapsed time spent in this place.
 B = Non-inter-level travel time spent in this place.
 C = Inter-level travel time spent in this place.
 D = Time resting spent in this place.
 E = Time spent auto-exploring this place.
 F = Levels seen in this place.
 G = Mean time per level.
                   A        B        C        D        E       F      G
               +--------+--------+--------+--------+--------+-----+--------+
         Total |   2375 |   2288 |     87 |    209 |   1527 |   5 |  475.0 |
       Dungeon |   2316 |   2239 |     77 |    209 |   1490 |   4 |  579.0 |
        Temple |     58 |     48 |     10 |      0 |     37 |   1 |   58.0 |
               +--------+--------+--------+--------+--------+-----+--------+

Top non-repeatable levels by time:
     D:2: 1136 daAuts
     D:3: 703 daAuts
     D:1: 407 daAuts
     D:4: 69 daAuts
  Temple: 58 daAuts
